 Dungeon Crawl Stone Soup version 0.30-a0-358-g0d69a1922f (webtiles) character file.

Game seed: 14143854696642678749

82 oldmanjim the Vexing (level 4, -2/34 HPs)
             Began as a Gnoll Hexslinger on Nov 10, 2022.
             Slain by a scorpion (5 damage)
             ... on level 4 of the Dungeon.
             The game lasted 00:15:52 (1967 turns).

oldmanjim the Vexing (Gnoll Hexslinger)             Turns: 1967, Time: 00:15:53

Health: -2/34      AC: 15    Str: 11    XL:     4   Next: 43%
Magic:  8/8        EV: 15    Int: 15    God:
Gold:   114        SH:  0    Dex: 22    Spells: 4/9 levels left

rFire   . . .      SeeInvis .    b - +0 dagger (protect)
rCold   . . .      Faith    .    (no shield)
rNeg    . . .      Spirit   .    e - +1 robe "Eplil" {Str+2 Dex+10}
rPois   .          Reflect  .    k - +2 helmet
rElec   .          Harm     .    g - +0 cloak
rCorr   .          Rampage  .    (no gloves)
Will    .....                    j - +0 pair of boots {Fly}
Stlth   ++........               (no amulet)
HPRegen 0.25/turn                (no ring)
MPRegen 0.11/turn                (no ring)

@: under a protective aura, flying
A: fangs 1, strong nose, distributed training
a: no special abilities


You were on level 4 of the Dungeon.
You visited 1 branch of the dungeon, and saw 4 of its levels.

You collected 207 gold pieces.
You spent 93 gold pieces at shops.

Inventory:

Hand Weapons
 a - a +1 sling
 b - a +0 dagger of protection (weapon)
 y - a +0 dagger
Missiles
 i - 9 poisoned darts
 m - 8 stones
Armour
 c - a +0 robe
 e - the +1 robe "Eplil" (worn) {Str+2 Dex+10}
   (You found it on level 2 of the Dungeon)

   Str:       It affects your strength (+2).
   Dex:       It affects your dexterity (+10).
 g - a +0 cloak (worn)
 j - a +0 pair of boots of flying (worn)
 k - a +2 helmet (worn)
Scrolls
 f - 4 scrolls of teleportation
 n - a scroll of poison
 r - 2 scrolls of magic mapping {unknown}
 t - a scroll of immolation {unknown}
 v - a scroll of brand weapon {unknown}
 w - a scroll of amnesia {unknown}
Potions
 d - a potion of curing
 h - a potion of heal wounds
 l - a potion of degeneration
 o - a potion of attraction
 p - a potion of lignification
 q - a potion of mutation
 s - a potion of berserk rage {unknown}
 u - a potion of brilliance {unknown}
 x - a potion of flight {unknown}


   Skills:
 + Level 2.8 Fighting
 + Level 1.2 Short Blades
 + Level 1.2 Long Blades
 + Level 1.2 Axes
 + Level 1.2 Maces & Flails
 + Level 1.2 Polearms
 + Level 1.2 Staves
 + Level 4.6 Ranged Weapons
 + Level 1.2 Throwing
 + Level 1.2 Armour
 + Level 4.6 Dodging
 + Level 1.2 Stealth
 + Level 1.2 Shields
 + Level 1.2 Unarmed Combat
 + Level 3.0 Spellcasting
 + Level 1.0 Conjurations
 + Level 5.5 Hexes
 + Level 1.0 Summonings
 + Level 1.0 Necromancy
 + Level 1.0 Translocations
 + Level 1.0 Transmutations
 + Level 1.0 Fire Magic
 + Level 1.0 Ice Magic
 + Level 1.0 Air Magic
 + Level 1.0 Earth Magic
 + Level 1.0 Poison Magic
 + Level 1.3 Invocations
 + Level 1.2 Evocations


You had 4 spell levels left.
You knew the following spells:

 Your Spells              Type           Power      Damage    Failure   Level
a - Slow                  Hex            72%        N/A       1%          1
b - Magic Dart            Conj           20%        1d4       13%         1
c - Inner Flame           Hex/Fire       12%        N/A       16%         3

Your spell library contained the following spells:

 Spells                   Type           Power      Damage    Failure   Level
 Freeze                   Ice            20%        1d4       13%         1
 Portal Projectile        Hex/Tloc       24%        N/A       16%         3
 Searing Ray              Conj           10%        2d4       21%         2
 Cause Fear               Hex            9%         N/A       21%         4
 Frozen Ramparts          Ice            10%        1d2       36%         3
 Hailstorm                Conj/Ice       5%         3d4       36%         3
 Fulminant Prism          Conj/Hex       6%         3d7       45%         4


Dungeon Overview and Level Annotations

Branches:
Dungeon (4/15)
 Temple: D:4-7

Altars:

Shops:
D:2 :([!?   D:3 [   D:4 :

Annotations:
D:3 Grinder


Innate Abilities, Weirdness & Mutations

You have very sharp teeth.
Your uncanny sense of smell can sniff out nearby items.
Your experience applies equally to all skills.


Message History

The scorpion stings you but does no damage.
The endoplasm misses you.
You hit the scorpion.
Your weapon exudes an aura of protection.
You bite the scorpion, but do no damage.
The scorpion is almost dead.
The scorpion stings you but does no damage.
You hit the scorpion but do no damage.
You bite the scorpion, but do no damage.
The scorpion is almost dead.
The endoplasm hits you but does no damage.
You hit the scorpion but do no damage.
The scorpion is almost dead.
The endoplasm freezes you.
You are frozen.
* * * LOW HITPOINT WARNING * * *
The scorpion stings you.
* * * LOW HITPOINT WARNING * * *
You completely miss the scorpion.
The scorpion is almost dead.
The endoplasm freezes you.
You are frozen.
* * * LOW HITPOINT WARNING * * *
The scorpion stings you but does no damage.
You hit the scorpion.
The scorpion is almost dead.
The endoplasm freezes you.
You are frozen.
* * * LOW HITPOINT WARNING * * *
The scorpion stings you but does no damage.
You hit the scorpion but do no damage.
You bite the scorpion, but do no damage.
The scorpion is almost dead.
The endoplasm freezes you.
You are frozen.
* * * LOW HITPOINT WARNING * * *
You hit the scorpion but do no damage.
The scorpion is almost dead.
The scorpion stings you.
You die...

#......# ...
#......# ...##
#...#.## #....#
#..####
#.....###
######
........# ...#
.......8##.8.#.
...............
......s@J∩.>...
..............#
.###.#.8.##8###
# ##### #


You could see a scorpion (slow) and an endoplasm.

Vanquished Creatures
  2 adders (D:3)
  2 worms
  A dart slug (D:1)
  An orc (D:3)
  7 ball pythons
  4 endoplasms
  2 giant cockroaches
  5 hobgoblins
  9 kobolds
  6 bats
  5 frilled lizards (D:1)
  7 goblins
  6 rats
57 creatures vanquished.

Notes
Turn   | Place    | Note
-------+----------+-------------------------------------------
     0 | D:1      | oldmanjim the Gnoll Hexslinger began the quest for the Orb.
     0 | D:1      | Reached XP level 1. HP: 17/17 MP: 4/4
   185 | D:1      | Reached XP level 2. HP: 23/23 MP: 5/5
   245 | D:1      | Found a faded altar of an unknown god.
   591 | D:2      | Found Obbei's Magic Scroll Emporium.
   600 | D:2      | Bought a scroll of teleportation for 33 gold pieces
   672 | D:2      | Reached XP level 3. HP: 28/28 MP: 7/7
   679 | D:2      | Found Zaobufy's Book Emporium.
   781 | D:2      | Found Evaipporph's Distillery.
   789 | D:2      | Bought a potion of attraction for 30 gold pieces
   789 | D:2      | Bought a potion of lignification for 30 gold pieces
   808 | D:2      | Found Irphih's Antique Armour Boutique.
   821 | D:2      | Found Wuit's Antique Weapon Emporium.
   825 | D:2      | Reached skill level 1 in Invocations
   889 | D:2      | Identified the +1 robe "Eplil" {Str+2 Dex+10}
  1201 | D:3      | Reached skill level 1 in Short Blades
  1201 | D:3      | Reached skill level 1 in Long Blades
  1201 | D:3      | Reached skill level 1 in Axes
  1201 | D:3      | Reached skill level 1 in Maces & Flails
  1201 | D:3      | Reached skill level 1 in Polearms
  1201 | D:3      | Reached skill level 1 in Staves
  1201 | D:3      | Reached skill level 1 in Throwing
  1201 | D:3      | Reached skill level 1 in Armour
  1201 | D:3      | Reached skill level 1 in Stealth
  1201 | D:3      | Reached skill level 1 in Shields
  1201 | D:3      | Reached skill level 1 in Unarmed Combat
  1201 | D:3      | Reached skill level 1 in Evocations
  1203 | D:3      | Learned a level 1 spell: Magic Dart
  1207 | D:3      | Learned a level 3 spell: Inner Flame
  1324 | D:3      | Found Bejuqev's Antique Armour Boutique.
  1410 | D:3      | Reached XP level 4. HP: 34/34 MP: 8/8
  1674 | D:3      | Noticed Grinder
  1888 | D:4      | Noticed a scorpion
  1888 | D:4      | Noticed a phantom
  1897 | D:3      | Reached skill level 1 in Conjurations
  1897 | D:3      | Reached skill level 1 in Summonings
  1897 | D:3      | Reached skill level 1 in Necromancy
  1897 | D:3      | Reached skill level 1 in Translocations
  1897 | D:3      | Reached skill level 1 in Transmutations
  1897 | D:3      | Reached skill level 1 in Fire Magic
  1897 | D:3      | Reached skill level 1 in Ice Magic
  1897 | D:3      | Reached skill level 1 in Air Magic
  1897 | D:3      | Reached skill level 1 in Earth Magic
  1897 | D:3      | Reached skill level 1 in Poison Magic
  1949 | D:4      | Noticed a scorpion
  1949 | D:4      | Found Wygontos's Book Emporium.
  1967 | D:4      | Slain by a scorpion

Illustrated notes

Levels and vault maps discovered:
D:1:      dpeg_arrival_refuge, layout_rooms, basic_ecumenical_altar,
          serial_curves, eino_curves_01, eino_curves_02
D:2:      layout_basic, serial_shops, shop, shop, shop_statue,
          nicolae_diamond_shop, shop, kennysheep_generic_room_12
D:3:      layout_basic, serial_shops, shop, uniq_grinder
D:4:      layout_cave_pools, serial_shops, nicolae_stop_n_shop_2,
          kennysheep_generic_room_15

Skill      XL: |  1  2  3  4 |
---------------+-------------+-----
Invocations    | 1 |  1.3
Short Blades   | 1 |  1.2
Long Blades    | 1 |  1.2
Axes           | 1 |  1.2
Maces & Flails | 1 |  1.2
Polearms       | 1 |  1.2
Staves         | 1 |  1.2
Throwing       | 1 |  1.2
Armour         | 1 |  1.2
Stealth        | 1 |  1.2
Shields        | 1 |  1.2
Unarmed Combat | 1 |  1.2
Evocations     | 1 |  1.2
Spellcasting   | 3 |  3.0
Conjurations   | 1 |  1.0
Summonings     | 1 |  1.0
Necromancy     | 1 |  1.0
Translocations | 1 |  1.0
Transmutations | 1 |  1.0
Fire Magic     | 1 |  1.0
Ice Magic      | 1 |  1.0
Air Magic      | 1 |  1.0
Earth Magic    | 1 |  1.0
Poison Magic   | 1 |  1.0
Fighting       | |  2.8
Ranged Weapons | |  4.6
Dodging        | |  4.6
Hexes          | |  5.5

Action                   |  1- 3 |  4- 6 || total
-------------------------+-------+-------++-------
Melee: Dagger            |       |     9 ||     9
       Bite              |       |     3 ||     3
 Fire: Sling             |   116 |    45 ||   161
 Cast: Slow              |     5 |     8 ||    13
       Magic Dart        |     1 |       ||     1
  Use: Scroll            |     4 |       ||     4
Armor: Robe              |    12 |     7 ||    19
Dodge: Dodged            |    28 |    18 ||    46

Table legend: (Time is in decaauts)
 A = Elapsed time spent in this place.
 B = Non-inter-level travel time spent in this place.
 C = Inter-level travel time spent in this place.
 D = Time resting spent in this place.
 E = Time spent auto-exploring this place.
 F = Levels seen in this place.
 G = Mean time per level.
                   A        B        C        D        E       F      G
               +--------+--------+--------+--------+--------+-----+--------+
         Total |   1993 |   1771 |    222 |      0 |   1368 |   4 |  498.2 |
       Dungeon |   1993 |   1771 |    222 |      0 |   1368 |   4 |  498.2 |
               +--------+--------+--------+--------+--------+-----+--------+

Top non-repeatable levels by time:
     D:3: 789 daAuts
     D:1: 600 daAuts
     D:2: 579 daAuts
     D:4: 23 daAuts
